 Dungeon Crawl Stone Soup version 0.31.0-12-g77e489cdc1 (webtiles) character file.

Game seed: 8102165224085040839

43 Gadfly the Covered (level 3, -10/23 HPs)
             Began as a Gargoyle Fighter on Mar 8, 2024.
             Mangled by Sigmund
             ... wielding a +1 heavy scythe
              (15 damage)
             ... on level 2 of the Dungeon.
             The game lasted 00:02:15 (1560 turns).

Gadfly the Covered (Gargoyle Fighter)               Turns: 1560, Time: 00:02:15

Health: -10/23     AC: 10    Str: 19    XL:     3   Next: 58%
Magic:  4/4        EV:  9    Int:  8    God:
Gold:   166        SH:  4    Dex: 11    Spells: 2/2 levels left

rFire   . . .        a - +0 flail
rCold   . . .        c - +0 buckler
rNeg    + . .        b - +0 scale mail
rPois   ∞            (no helmet)
rElec   +            (no cloak)
rCorr   .            (no gloves)
SInv    .            (no boots)
Will    .....        (no amulet) Stlth
                     (no ring)
HPRegen 0.23/turn    (no ring)
MPRegen 0.09/turn

%: no passive effects
@: hasted, very quick
A: sickness immunity, AC +3, negative energy resistance 1, electricity
resistance, torment resistance 1, petrification resistance
a: no special abilities


You were on level 2 of the Dungeon.
You visited 1 branch of the dungeon, and saw 2 of its levels.

You collected 166 gold pieces.

Inventory:

Hand Weapons
 a - a +0 flail (weapon)
Armour
 b - a +0 scale mail (worn)
 c - a +0 buckler (worn)
Scrolls
 g - 2 scrolls of revelation
 k - a scroll of teleportation
Potions
 d - a potion of might
 j - a potion of curing {unknown}


   Skills:
 + Level 3.5 Fighting
 * Level 2.5 Maces & Flails
 + Level 3.5 Armour
 + Level 3.4 Shields
 * Level 1.4 Invocations
 * Level 1.0 Evocations


You had 2 spell levels left.
You didn't know any spells.
Your spell library contained the following spells:

 Spells                   Type           Power      Damage    Failure   Level
 Magic Dart               Conj           0%         1d3       85%         1
 Blink                    Tloc           0%         N/A       94%         2
 Call Imp                 Summ           0%         N/A       94%         2


Dungeon Overview and Level Annotations

Branches:
Dungeon (2/15)

Altars:

Shops:
D:1 (

Annotations:
D:2 Sigmund


Innate Abilities, Weirdness & Mutations

You are immune to sickness and miasma.
Your stone body is resilient. (AC +3)
You are immune to poison.
You resist negative energy. (rN+)
You are resistant to electric shocks. (rElec)
You are resistant to unholy torment.
You are immune to petrification.


Message History

You are too injured to fight recklessly!
You are too injured to fight recklessly!
You are too injured to fight recklessly!
You are too injured to fight recklessly!
You are too injured to fight recklessly!
You are too injured to fight recklessly!
You are too injured to fight recklessly!
You are too injured to fight recklessly!
You are too injured to fight recklessly!
You are too injured to fight recklessly!
You are too injured to fight recklessly!
You are too injured to fight recklessly!
You are too injured to fight recklessly!
You are too injured to fight recklessly!
You are too injured to fight recklessly!
You hit Sigmund.
Sigmund is moderately wounded.
Sigmund hits you but does no damage.
You hit Sigmund.
Sigmund is moderately wounded.
It was a potion of heal wounds.
You feel much better. Sigmund gestures at you while chanting.
The magic dart hits you.
You hit Sigmund.
Sigmund is heavily wounded.
Sigmund hits you with a +1 heavy scythe!
Ouch! That really hurt!
* * * LOW HITPOINT WARNING * * *
You hit Sigmund but do no damage.
Sigmund is heavily wounded.
You hit Sigmund.
Sigmund is heavily wounded.
Sigmund barely misses you.
It was a potion of haste.
You feel yourself speed up.
You sock Sigmund!
Sigmund is almost dead.
Sigmund hits you with a +1 heavy scythe!
Ouch! That really hurt!
You die...
Sigmund begins carving another notch in his scythe.

#....##.... #.#
##....##.... #.#
#....###.... #.#
#....# #.... #.#
###†...# #.... #.#
#......# #....
#.###.###### #....
#@#...# ##.#.
#@#.###########.#.
#.#.............#.
#.#############...
#.# #.## #.# #.##
#.# #.## #.# #.##
#.# #.#. #.# #.#.


You could see Sigmund.

Vanquished Creatures
  2 adders (D:2)
  4 bats
  2 giant cockroaches
  5 goblins
  3 hobgoblins
  2 quokkas (D:1)
  3 ball pythons
  2 frilled lizards
  A rat (D:2)
24 creatures vanquished.

Notes
Turn   | Place    | Note
-------+----------+-------------------------------------------
     0 | D:1      | Gadfly the Gargoyle Fighter began the quest for the Orb.
     0 | D:1      | Reached XP level 1. HP: 14/14 MP: 1/1
   215 | D:1      | Reached XP level 2. HP: 16/19 MP: 2/2
   242 | D:1      | Found Mirhopt's Weapon Boutique.
   633 | D:1      | Reached skill level 1 in Invocations
  1039 | D:2      | Reached XP level 3. HP: 20/23 MP: 3/3
  1324 | D:2      | Reached skill level 1 in Evocations
  1547 | D:2      | Noticed Sigmund
  1560 | D:2      | Mangled by Sigmund

Illustrated notes

Levels and vault maps discovered:
D:1:      spicycebolla_arrival_ecumenical, layout_loops_corners, serial_shops,
          nicolae_square_shop
D:2:      layout_basic, mrwooster_statue_mirror, uniq_sigmund

Skill      XL: |  1  2  3 |
---------------+----------+-----
Invocations    | 1 |  1.4
Evocations     | 1 |  1.0
Fighting       | |  3.5
Maces & Flails | |  2.5
Armour         | |  3.5
Shields        | |  3.4

Action                     || total
---------------------------++-------
  Melee: Flail             ||   112
    Use: Scroll            ||     4
         Potion            ||     2
 Armour: Scale mail        ||    97
  Dodge: Dodged            ||    63
  Block: Buckler           ||    33
